 Dungeon Crawl Stone Soup version 0.21.1-1-g345015fe64 (webtiles) character file.

277 subsebi the Chopper (level 6, -6/49 HPs)
             Began as a Demonspawn Chaos Knight on Feb 23, 2018.
             Mangled by Pikel the unseen horror (7 damage)
             ... on level 4 of the Dungeon.
             The game lasted 00:05:19 (3485 turns).

subsebi the Chopper (Demonspawn Chaos Knight)       Turns: 3485, Time: 00:05:20

Health: -6/49      AC:  5    Str: 14    XL:     6   Next: 4%
Magic:  6/6        EV: 11    Int: 14    God:    Xom [....*.]
Gold:   102        SH:  0    Dex: 12    Spells: 5/5 levels left

rFire    x . .     SeeInvis .   a - +0 hand axe (chaos)
rCold    + . .     Gourm    .   (no shield)
rNeg     . . .     Faith    .   b - +2 leather armour
rPois    .         Spirit   .   (helmet restricted)
rElec    .         Reflect  .   (no cloak)
rCorr    .         Harm     .   (no gloves)
MR       .....                  (no boots)
Stlth    ++........             (no amulet)
HPRegen  0.16/turn              k - ring of ice
MPRegen  0.10/turn              i - ring of stealth

@: no status effects
A: horns 1, talons 1, powered by pain 2
a: Renounce Religion


You were on level 4 of the Dungeon.
You worshipped Xom.
You were a beloved toy of Xom.
You were not hungry.

You visited 1 branch of the dungeon, and saw 4 of its levels.

You collected 102 gold pieces.

Inventory:

Hand Weapons
 a - a +0 hand axe of chaos (weapon)
Missiles
 e - 154 stones
 l - 20 sling bullets
 m - 7 javelins (quivered)
Armour
 b - a +2 leather armour (worn)
Jewellery
 i - a ring of stealth (right hand)
 k - a ring of ice (left hand)
Wands
 p - a wand of flame (57)
Scrolls
 d - 3 scrolls of enchant weapon {unknown}
 g - a scroll of noise {unknown}
 j - 4 scrolls of remove curse
 n - a scroll of magic mapping {unknown}
 o - a scroll of immolation {unknown}
 q - a scroll of identify
Potions
 f - 3 potions of brilliance
 h - 2 potions of heal wounds
Comestibles
 c - 7 rations


   Skills:
 + Level 4.5 Fighting
 * Level 5.2 Axes
 - Level 2.0 Armour
 - Level 1.0 Dodging


You had 5 spell levels left.
You didn't know any spells.

Dungeon Overview and Level Annotations

Branches:
Dungeon (4/15)
 Temple: D:4-7

Altars:
Nemelex Xobeh
Xom

Annotations:
D:4 Pikel


Innate Abilities, Weirdness & Mutations

You have a pair of small horns on your head.
You have sharp toenails.
You sometimes gain power by taking damage.


Message History

There is a shimmering altar of Xom, spattered with blood here.
Things that are here:
a whip of freezing; a robe Unknown command.
Press < or > to pray at altars.
Something completely misses you. Something hits you!
Something hits you but does no damage.
You hit something.
Xom is highly amused!
Nothing appears to happen.
Your kick misses something. Your headbutt misses something.
You closely miss the slave. You hit the slave.
The slave appears confused.
Something hits you. x2
* * * LOW HITPOINT WARNING * * *
The slave closely misses you.
You closely miss something. You hit the slave.
The slave goes berserk!
You hit the slave.
The slave appears confused.
Something hits you!
* * * LOW HITPOINT WARNING * * *
Something hits you!
You die...
Xom titters!

#..# #..........# #.......
.#####p####..........# #.......
.......p..............#
#.......
..#####..###..........#
#####.## ###..............# #..
........(......############
..............[.........#
...p....................#
.###........@.p..........# ..
#........pp...........# ..
#.........._<..........
#.....................#
####...................
.......##.##.####.####
...........#.#.....#.#######
##............#_.............
#.........>...###.....#....####


You could see 3 slaves.

Vanquished Creatures
  A slave (D:4)
  The ghost of subsebi the Chopper, an amateur DsCK of Xom (D:3)
  A centaur skeleton (D:4)
  An orc priest (D:4)
  A worker ant (D:4)
  A hound skeleton (D:4)
  An adder (D:3)
  A worm (D:3)
  3 dart slugs
  4 leopard geckos
  4 orcs
  3 giant cockroaches
  5 goblins
  12 hobgoblins
  12 jackals
  2 quokkas
  2 ball pythons
  5 bats
  5 frilled lizards
  A jackal skeleton (D:4)
  10 kobolds
  A leopard gecko skeleton (D:4)
  3 rats
80 creatures vanquished.

Notes
Turn   | Place    | Note
-------+----------+-------------------------------------------
     0 | D:1      | subsebi the Demonspawn Chaos Knight began the quest for the Orb.
     0 | D:1      | Reached XP level 1. HP: 18/18 MP: 1/1
   108 | D:1      | Reached skill level 1 in Dodging
   126 | D:1      | XOM: harmless Erth miscast
   132 | D:1      | XOM: harmless Summ miscast
   148 | D:1      | Reached skill level 3 in Axes
   148 | D:1      | Gained mutation: You have a pair of small horns on your head. [demonic ancestry]
   148 | D:1      | Reached XP level 2. HP: 13/24 MP: 2/2
   403 | D:1      | XOM: harmless Necr miscast
   430 | D:1      | XOM: harmless Hex miscast
   552 | D:1      | XOM: divination: detect creatures
   617 | D:1      | XOM: silly message
   670 | D:1      | Gained mutation: You have sharp toenails. [demonic ancestry]
   670 | D:1      | Reached XP level 3. HP: 29/29 MP: 3/3
   696 | D:1      | XOM: divination: detect creatures
   736 | D:1      | XOM: noise
  1436 | D:2      | Found a sparkling altar of Nemelex Xobeh.
  1757 | D:2      | XOM: mild Tmut miscast
  1909 | D:3      | Gained mutation: You sometimes gain a little power by taking damage. [demonic ancestry]
  1909 | D:3      | Reached XP level 4. HP: 34/36 MP: 4/4
  2022 | D:3      | Reached skill level 4 in Axes
  2025 | D:3      | Noticed subsebi's ghost (amateur DsCK)
  2044 | D:3      | XOM: swap monsters
  2048 | D:3      | Killed subsebi's ghost
  2048 | D:3      | Reached XP level 5. HP: 42/42 MP: 5/5
  2794 | D:4      | XOM: harmless Summ miscast
  2916 | D:4      | Noticed a slave
  2917 | D:4      | Noticed a slave
  2917 | D:4      | XOM: confusion (+ monsters)
  2918 | D:4      | Noticed a slave
  2926 | D:4      | XOM: confusion (+ monsters)
  2935 | D:4      | XOM: enchant monster (good)
  2941 | D:4      | XOM: confuse monster(s)
  2947 | D:4      | XOM: 1-stop teleportation journey
  2965 | D:4      | Reached skill level 5 in Axes
  2975 | D:4      | XOM: noise
  2999 | D:4      | Killed a slave
  3415 | D:4      | Gained mutation: You sometimes gain power by taking damage. [demonic ancestry]
  3415 | D:4      | Reached XP level 6. HP: 37/49 MP: 6/6
  3467 | D:4      | Noticed a slave
  3469 | D:4      | XOM: scenery: create altars
  3472 | D:4      | Noticed Pikel
  3472 | D:4      | XOM: cast spell 'Call Canine Familiar'
  3479 | D:4      | Pikel changed into something unseen
  3485 | D:4      | HP: 1/49 [something (11)]
  3485 | D:4      | Mangled by Pikel the unseen horror

Skill      XL: |  1  2  3  4  5 |
---------------+----------------+-----
Dodging        | 1 |  1.0
Axes           | 3 4 5 |  5.2
Armour         | 2 |  2.0
Fighting       | 4 |  4.5

Action                   |  1- 3 |  4- 6 || total
-------------------------+-------+-------++-------
Melee: Hand axe          |   146 |   118 ||   264
       Headbutt          |     9 |    16 ||    25
       Kick              |    11 |    25 ||    36
Throw: Stone             |       |     1 ||     1
  Use: Scroll            |     4 |       ||     4
       Potion            |       |     2 ||     2
 Stab: Confused          |     1 |     3 ||     4
       Sleeping          |       |     2 ||     2
       Distracted        |       |     1 ||     1
       Paralysed         |       |     2 ||     2
  Eat: Chunk             |     3 |     2 ||     5
       Ration            |       |     1 ||     1
Armor: Leather armour    |    50 |    35 ||    85
       Skin              |       |    26 ||    26
Dodge: Dodged            |    93 |    47 ||   140
